SL
TOLEDO TITANS @ CHICAGO HAWKS
05/27/2023
 
TOP OF THE 1ST
Toledo Titans batting - Pitching for Chicago Hawks : RHP Adrián Fierro
Pitching: RHP Adrián Fierro
Batting: RHB Pil-joong Pak 0-0: Ball
1-0: Ball
2-0: Fly out, F7 (Flyball, 78M)
Batting: RHB Pedro Pérez 0-0: Fly out, F7 (Flyball, 7M)
Batting: LHB Tony Dyer 0-0: Ball
1-0: Foul Ball, location: 2F
1-1: Ball
2-1: Fly out, F7 (Popup, 6D)
Top of the 1st over - 0 run(s), 0 hit(s), 0 error(s), 0 left on base; Toledo 0 - Chicago 0
BOTTOM OF THE 1ST
Chicago Hawks batting - Pitching for Toledo Titans : RHP Francis McBride
Pitching: RHP Francis McBride
Batting: RHB Ludwig Kluge 0-0: Swinging Strike
0-1: Ground out 4-3 (Groundball, 4)
Batting: RHB Carl Carlson 0-0: Ball
1-0: Ball
2-0: SINGLE (Flyball, 3D)
Batting: RHB Robbie Roach 0-0: Ball
1-0: Swinging Strike
1-1: Called Strike
1-2: Grounds into double play, 1-6-3 (Groundball, 15)
Bottom of the 1st over - 0 run(s), 1 hit(s), 0 error(s), 0 left on base; Toledo 0 - Chicago 0
TOP OF THE 2ND
Toledo Titans batting - Pitching for Chicago Hawks : RHP Adrián Fierro
Batting: LHB Yannick Hendriksen 0-0: Called Strike
0-1: Foul Ball, location: 2F
0-2: Strikes out swinging
Batting: LHB Jorge Flores 0-0: Swinging Strike
0-1: Ball
1-1: Swinging Strike
1-2: Ball
2-2: DOUBLE (Line Drive, 9D)
Batting: LHB Rick Harrison 0-0: Fly out, F6 (Popup, 6D)
Batting: RHB Ramiro Rico 0-0: Called Strike
0-1: Fly out, F7 (Flyball, 7D)
Top of the 2nd over - 0 run(s), 1 hit(s), 0 error(s), 1 left on base; Toledo 0 - Chicago 0
BOTTOM OF THE 2ND
Chicago Hawks batting - Pitching for Toledo Titans : RHP Francis McBride
Batting: LHB Mal Wadley 0-0: Called Strike
0-1: Swinging Strike
0-2: Ground out 4-3 (Groundball, 4)
Batting: RHB Chris Smith 0-0: Ball
1-0: Called Strike
1-1: Ball
2-1: Foul Ball, location: 2F
2-2: Foul Ball, location: 2F
2-2: Ball
3-2: Foul Ball, location: 2F
3-2: Strikes out looking
Batting: LHB Bill Griffin 0-0: Ball
1-0: Ball
2-0: Fly out, F8 (Line Drive, 8LD)
Bottom of the 2nd over - 0 run(s), 0 hit(s), 0 error(s), 0 left on base; Toledo 0 - Chicago 0
TOP OF THE 3RD
Toledo Titans batting - Pitching for Chicago Hawks : RHP Adrián Fierro
Batting: RHB Paul Houston 0-0: Swinging Strike
0-1: Ball
1-1: Swinging Strike
1-2: Ground out 5-3 (Groundball, 56)
Batting: RHB Mike Burns 0-0: Ball
1-0: Called Strike
1-1: Ground out 1-3 (Groundball, 23)
Batting: RHB Pil-joong Pak 0-0: Foul Ball, location: 2F
0-1: Ball
1-1: Swinging Strike
1-2: Ball
2-2: Foul Ball, location: 2F
2-2: SINGLE (Line Drive, 56D)
Batting: RHB Pedro Pérez 0-0: Called Strike
0-1: SINGLE (Flyball, 89S)
Pil-joong Pak to second
Runner from 2nd tries for 3rd, SAFE, no throw or cutoff
Batting: LHB Tony Dyer 0-0: Ball
1-0: Ball
2-0: Called Strike
2-1: Ground out U3 (Groundball, 3)
Top of the 3rd over - 0 run(s), 2 hit(s), 0 error(s), 2 left on base; Toledo 0 - Chicago 0
BOTTOM OF THE 3RD
Chicago Hawks batting - Pitching for Toledo Titans : RHP Francis McBride
Batting: RHB Yoshio Matsuo 0-0: Foul Ball, location: 2F
0-1: Foul Ball, location: 2F
0-2: Foul Ball, location: 2F
0-2: Ball
1-2: Fly out, F9 (Flyball, 9S)
Batting: RHB Pedro Cruz 0-0: Ball
1-0: Ball
2-0: Swinging Strike
2-1: Foul Ball, location: 2F
2-2: Strikes out swinging
Batting: RHB Soseki Matsunaga 0-0: Ball
1-0: Foul Ball, location: 2F
1-1: Ball
2-1: Ball
3-1: Ground out 6-3 (Groundball, 6M)
Bottom of the 3rd over - 0 run(s), 0 hit(s), 0 error(s), 0 left on base; Toledo 0 - Chicago 0
TOP OF THE 4TH
Toledo Titans batting - Pitching for Chicago Hawks : RHP Adrián Fierro
Batting: LHB Yannick Hendriksen 0-0: Called Strike
0-1: Ball
1-1: Called Strike
1-2: Foul Ball, location: 2F
1-2: Strikes out swinging
Batting: LHB Jorge Flores 0-0: Ball
1-0: Fly out, F8 (Flyball, 8LXD)
Batting: LHB Rick Harrison 0-0: Ball
1-0: Foul Ball, location: 2F
1-1: Ball
2-1: Called Strike
2-2: Strikes out looking
Top of the 4th over - 0 run(s), 0 hit(s), 0 error(s), 0 left on base; Toledo 0 - Chicago 0
BOTTOM OF THE 4TH
Chicago Hawks batting - Pitching for Toledo Titans : RHP Francis McBride
Batting: RHB Ludwig Kluge 0-0: Called Strike
0-1: Ground out 4-3 (Groundball, 4)
Batting: RHB Carl Carlson 0-0: Ball
1-0: Ball
2-0: DOUBLE (Line Drive, 7LS)
Batting: RHB Robbie Roach 0-0: Ground out U3 (Groundball, 3S)
Carl Carlson to third
Batting: LHB Mal Wadley 0-0: Ball
1-0: Foul Ball, location: 2F
1-1: Ball
2-1: Foul Ball, location: 2F
2-2: Foul Ball, location: 2F
2-2: Fly out, F4 (Line Drive, 4M)
Bottom of the 4th over - 0 run(s), 1 hit(s), 0 error(s), 1 left on base; Toledo 0 - Chicago 0
TOP OF THE 5TH
Toledo Titans batting - Pitching for Chicago Hawks : RHP Adrián Fierro
Batting: RHB Ramiro Rico 0-0: Swinging Strike
0-1: Ball
1-1: Ball
2-1: Swinging Strike
2-2: Strikes out looking
Batting: RHB Paul Houston 0-0: Foul Ball, location: 2F
0-1: Ground out 4-3 (Groundball, 4M)
Batting: RHB Mike Burns 0-0: Ball
1-0: Called Strike
1-1: Fly out, F9 (Flyball, 9LMF)
Top of the 5th over - 0 run(s), 0 hit(s), 0 error(s), 0 left on base; Toledo 0 - Chicago 0
BOTTOM OF THE 5TH
Chicago Hawks batting - Pitching for Toledo Titans : RHP Francis McBride
Batting: RHB Chris Smith 0-0: Swinging Strike
0-1: Foul Ball, location: 2F
0-2: Ball
1-2: Strikes out swinging
Batting: LHB Bill Griffin 0-0: Swinging Strike
0-1: Ball
1-1: Ball
2-1: Ball
3-1: Foul Ball, location: 2F
3-2: Strikes out swinging
Batting: RHB Yoshio Matsuo 0-0: Foul Ball, location: 2F
0-1: Ground out 6-3 (Groundball, 6)
Bottom of the 5th over - 0 run(s), 0 hit(s), 0 error(s), 0 left on base; Toledo 0 - Chicago 0
TOP OF THE 6TH
Toledo Titans batting - Pitching for Chicago Hawks : RHP Adrián Fierro
Batting: RHB Pil-joong Pak 0-0: Bunted foul
0-1: Swinging Strike
0-2: Fly out, F7 (Flyball, 7M)
Batting: RHB Pedro Pérez 0-0: Ball
1-0: Fly out, F7 (Flyball, 78M)
Batting: LHB Tony Dyer 0-0: Ball
1-0: Foul Ball, location: 2F
1-1: SINGLE (Line Drive, 9S)
Batting: LHB Yannick Hendriksen 0-0: Called Strike
0-1: Fly out, F9 (Flyball, 9D)
Top of the 6th over - 0 run(s), 1 hit(s), 0 error(s), 1 left on base; Toledo 0 - Chicago 0
BOTTOM OF THE 6TH
Chicago Hawks batting - Pitching for Toledo Titans : RHP Francis McBride
Batting: RHB Pedro Cruz 0-0: Ball
1-0: Foul Ball, location: 2F
1-1: Fly out, F8 (Flyball, 8LM)
Batting: RHB Soseki Matsunaga 0-0: Called Strike
0-1: Ball
1-1: Foul Ball, location: 2F
1-2: Ball
2-2: Foul Ball, location: 2F
2-2: Ground out 2-3 (Groundball, 25)
Batting: RHB Ludwig Kluge 0-0: Ball
1-0: Hit by Pitch
Batting: RHB Carl Carlson 0-0: Ball
1-0: Ball
2-0: Called Strike
2-1: Ball
3-1: Foul Ball, location: 2F
3-2: Strikes out swinging
Bottom of the 6th over - 0 run(s), 0 hit(s), 0 error(s), 1 left on base; Toledo 0 - Chicago 0
TOP OF THE 7TH
Toledo Titans batting - Pitching for Chicago Hawks : RHP Adrián Fierro
Batting: LHB Jorge Flores 0-0: Foul Ball, location: 2F
0-1: Ball
1-1: Foul Ball, location: 2F
1-2: Strikes out swinging
Batting: LHB Rick Harrison 0-0: Called Strike
0-1: Called Strike
0-2: Ball
1-2: Foul Ball, location: 2F
1-2: Foul Ball, location: 2F
1-2: SOLO HOME RUN (Flyball, 89XD), Distance : 381 ft
Batting: RHB Ramiro Rico 0-0: Called Strike
0-1: Ball
1-1: Foul Ball, location: 2F
1-2: SINGLE (Line Drive, 34D)
Batting: RHB Paul Houston 0-0: Swinging Strike
0-1: Foul Ball, location: 2F
0-2: Strikes out looking
Batting: RHB Mike Burns 0-0: Ball
1-0: Foul Ball, location: 2F
1-1: Called Strike
1-2: Ball
2-2: Ball
3-2: Strikes out swinging
Top of the 7th over - 1 run(s), 2 hit(s), 0 error(s), 1 left on base; Toledo 1 - Chicago 0
BOTTOM OF THE 7TH
Chicago Hawks batting - Pitching for Toledo Titans : RHP Francis McBride
Batting: RHB Robbie Roach 0-0: Ball
1-0: Called Strike
1-1: Swinging Strike
1-2: Fly out, F9 (Flyball, 9M)
Batting: LHB Mal Wadley 0-0: Called Strike
0-1: Ball
1-1: Ball
2-1: Foul Ball, location: 2F
2-2: Strikes out swinging
Batting: RHB Chris Smith 0-0: Ball
1-0: Ball
2-0: Called Strike
2-1: Swinging Strike
2-2: Strikes out swinging
Bottom of the 7th over - 0 run(s), 0 hit(s), 0 error(s), 0 left on base; Toledo 1 - Chicago 0
TOP OF THE 8TH
Toledo Titans batting - Pitching for Chicago Hawks : RHP Adrián Fierro
Batting: RHB Pil-joong Pak 0-0: Ball
1-0: Swinging Strike
1-1: Swinging Strike
1-2: Strikes out swinging
Batting: RHB Pedro Pérez 0-0: Swinging Strike
0-1: Foul Ball, location: 2F
0-2: Strikes out looking
Batting: LHB Tony Dyer 0-0: Called Strike
0-1: Ball
1-1: Ground out U3 (Groundball, 3L)
Top of the 8th over - 0 run(s), 0 hit(s), 0 error(s), 0 left on base; Toledo 1 - Chicago 0
BOTTOM OF THE 8TH
Chicago Hawks batting - Pitching for Toledo Titans : RHP Francis McBride
Batting: LHB Bill Griffin 0-0: SINGLE (Line Drive, 6MD)
Batting: RHB Yoshio Matsuo 0-0: Sac Bunt - play at second, runner OUT! 3-6
Batting: RHB Pedro Cruz 0-0: Bunted foul
0-1: Ball
1-1: Sac Bunt - play at first, batter OUT! 1-4
Yoshio Matsuo to second
Pinch Hitting: RHB Brent Barlow 0-0: Ball
1-0: Foul Ball, location: 2F
1-1: Foul Ball, location: 2F
1-2: Ball
2-2: Fly out, F8 (Flyball, 8LM)
Bottom of the 8th over - 0 run(s), 1 hit(s), 0 error(s), 1 left on base; Toledo 1 - Chicago 0
TOP OF THE 9TH
Toledo Titans batting - Pitching for Chicago Hawks : RHP Adrián Fierro
Now at 3B: Brent Barlow
Batting: LHB Yannick Hendriksen 0-0: Ball
1-0: Ball
2-0: SINGLE (Line Drive, 6MD)
Batting: LHB Jorge Flores 0-0: Swinging Strike
0-1: Ball
1-1: Foul Ball, location: 2F
1-2: Ball
2-2: Strikes out looking
Pitching: RHP Stuart Lee
Batting: LHB Rick Harrison 0-0: Ball
1-0: Ground out U3 (Groundball, 3S)
Yannick Hendriksen to second
Batting: RHB Ramiro Rico 0-0: Called Strike
0-1: Ball
1-1: Ball
2-1: Ground out 4-3 (Groundball, 4)
Top of the 9th over - 0 run(s), 1 hit(s), 0 error(s), 1 left on base; Toledo 1 - Chicago 0
BOTTOM OF THE 9TH
Chicago Hawks batting - Pitching for Toledo Titans : RHP Francis McBride
Batting: RHB Ludwig Kluge 0-0: Foul Ball, location: 2F
0-1: Ball
1-1: Ground out 6-3 (Groundball, 6M)
Batting: RHB Carl Carlson 0-0: Called Strike
0-1: Called Strike
0-2: Ground out 5-3 (Groundball, 56)
Batting: RHB Robbie Roach 0-0: Swinging Strike
0-1: Ball
1-1: Foul Ball, location: 2F
1-2: Fly out, F8 (Flyball, 8LXD)
Bottom of the 9th over - 0 run(s), 0 hit(s), 0 error(s), 0 left on base; Toledo 1 - Chicago 0
This league is powered by Out of the Park Baseball, the baseball management simulation game for PC, Mac and Linux
Friday, July 8th, 2016 - OOTP Baseball 16.9 Build 39